 Dungeon Crawl Stone Soup version 0.29.1-4-g47bece8355 (webtiles) character file.

Game seed: 5448062395710559361

107 warriortoast the Conjurer (level 4, 2/33 HPs)
             Began as a Draconian Conjurer on Dec 3, 2022.
             Quit the game on level 3 of the Dungeon.
             The game lasted 00:04:10 (3227 turns).

warriortoast the Conjurer (Draconian Conjurer)      Turns: 3227, Time: 00:04:10

Health: 2/33       AC:  5    Str:  9    XL:     4   Next: 57%
Magic:  8/8        EV: 12    Int: 21    God:
Gold:   105        SH:  0    Dex:  9    Spells: 7/8 levels left

rFire   . . .      SeeInvis .   e - +0 dagger
rCold   . . .      Faith    .   (no shield)
rNeg    . . .      Spirit   .   (body armour unavailable)
rPois   .          Reflect  .   (helmet restricted)
rElec   .          Harm     .   (no cloak)
rCorr   .          Rampage  .   (no gloves)
Will    .....                   (no boots)
Stlth   ++........              (no amulet)
HPRegen 0.11/turn               (no ring)
MPRegen 0.11/turn               (no ring)

@: no status effects
A: AC +5, unfitting armour, cold-blooded
a: no special abilities


You were on level 3 of the Dungeon.
You visited 1 branch of the dungeon, and saw 3 of its levels.

You collected 105 gold pieces.

Inventory:

Hand Weapons
 e - a +0 dagger (weapon)
Scrolls
 c - 2 scrolls of teleportation {unknown}
 d - 2 scrolls of identify {unknown}
 f - a scroll of enchant armour {unknown}
 i - a scroll of silence {unknown}
 j - a scroll of butterflies {unknown}
Potions
 a - a potion of magic
 b - 2 potions of mutation {unknown}
 g - a potion of curing
 h - a potion of resistance {unknown}
 k - a potion of heal wounds {unknown}


   Skills:
 + Level 2.6 Dodging
 + Level 2.7 Stealth
 + Level 2.8 Spellcasting
 + Level 4.5 Conjurations


You had 7 spell levels left.
You knew the following spells:

 Your Spells              Type           Power      Damage    Failure   Level
a - Magic Dart            Conj           88%        1d7       1%          1

Your spell library contained the following spells:

 Spells                   Type           Power      Damage    Failure   Level
 Searing Ray              Conj           44%        2d6       3%          2
 Dazzling Flash           Conj/Hex       24%        N/A       16%         3
 Fulminant Prism          Conj/Hex       6%         3d7       45%         4
 Iskenderun's Mystic Bla  Conj/Tloc      12%        2d5       45%         4


Dungeon Overview and Level Annotations

Branches:
Dungeon (3/15)

Altars:
Xom

Shops:
D:1 !


Innate Abilities, Weirdness & Mutations

Your plain brown scales are hard. (AC +5)
You cannot fit into any form of body armour.
You are cold-blooded and may be slowed by cold attacks.


Message History

The orc attacks as you move away! The orc misses you.
You feel sick. The orc attacks as you move away! The orc barely misses you.
You feel sick. The orc attacks as you move away!
The orc hits you with a +0 hand axe.
You feel sick.
You are no longer poisoned.
The orc attacks as you move away! The orc barely misses you.
The orc attacks as you move away! The orc closely misses you.
The orc attacks as you move away! The orc misses you.
The orc attacks as you move away! The orc barely misses you.
The orc attacks as you move away! The orc closely misses you.
A ball python comes into view.
The orc attacks as you move away! The orc completely misses you.
The ball python hisses angrily.
The orc attacks as you move away! The orc barely misses you.
The orc attacks as you move away! The orc closely misses you.
The ball python misses you. The ball python barely misses you.
The ball python bites you but does no damage.
The ball python grabs you. The ball python constricts you.
You escape the ball python's grasp.
The orc attacks as you move away! The orc hits you with a +0 hand axe.
* * * LOW HITPOINT WARNING * * *
A black bear comes into view.
You open the door. The orc barely misses you.
Found a scroll labelled TYOLOI FUUTE and a club.
The orc attacks as you move away! The orc barely misses you.
The orc attacks as you move away! The orc hits you but does no damage.
A worm comes into view.
There is an open door here.
The orc attacks as you move away! The orc hits you with a +0 hand axe.
* * * LOW HITPOINT WARNING * * *
The orc attacks as you move away! The orc hits you with a +0 hand axe.
* * * LOW HITPOINT WARNING * * *
You see here a scroll labelled TYOLOI FUUTE.
You hit the worm but do no damage.
You tail-slap the worm, but do no damage.
The orc hits you but does no damage. The worm barely misses you.
Unknown command.
Unknown command.
Unknown command.
Are you sure you want to abandon this character and quit the game? (Confirm with "yes".)

#..####..h
#........#
##.####.##
##o## ##...##
##.....## #
##..S{...#.##
#
#...oo.......
.
+....@.......
#....w....###
##.......##
##.....##
##...## ##+##


You could see a worm, 3 orcs and a ball python.

Vanquished Creatures
  An orc wizard (D:3)
  3 adders
  2 worms (D:2)
  5 orcs (D:3)
  5 endoplasms
  A giant cockroach (D:2)
  5 goblins
  3 hobgoblins
  3 ball pythons
  5 bats
  5 frilled lizards
  4 kobolds
  A rat (D:2)
43 creatures vanquished.

Vanquished Creatures (others)
  A plant (D:2)
1 creature vanquished.

Grand Total: 44 creatures vanquished

Notes
Turn   | Place    | Note
-------+----------+-------------------------------------------
     0 | D:1      | warriortoast the Draconian Conjurer began the quest for the
                  | Orb.
     0 | D:1      | Reached XP level 1. HP: 14/14 MP: 3/3
   389 | D:1      | Found Bygemn's Distillery.
   397 | D:1      | Reached XP level 2. HP: 20/20 MP: 1/5
  1115 | D:2      | Reached XP level 3. HP: 26/26 MP: 0/6
  1691 | D:2      | Found a shimmering altar of Xom.
  2497 | D:3      | Reached XP level 4. HP: 33/33 MP: 2/8
  2691 | D:3      | Found a faded altar of an unknown god.
  3217 | D:3      | Noticed a black bear
  3227 | D:3      | Quit the game

Illustrated notes

Levels and vault maps discovered:
D:1:      dpeg_arrival_boxorama, layout_rooms, serial_shops,
          nicolae_shop_behind_doors
D:2:      wad_lake_hut, layout_loops_ring, basic_altar
D:3:      layout_loops_corners, dreamdust_ecumenical_altar_angels_and_demons,
          minmay_mini_jars

Skill      XL: |  1 |
---------------+----+-----
Stealth        | 2 |  2.7
Dodging        | 2 |  2.6
Spellcasting   | |  2.8
Conjurations   | |  4.5

Action                   |  1- 3 |  4- 6 || total
-------------------------+-------+-------++-------
Melee: Unarmed           |    18 |       ||    18
       Tailslap          |     5 |     2 ||     7
       Dagger            |    20 |     7 ||    27
 Cast: Magic Dart        |    76 |    30 ||   106
Armor: Skin              |    11 |     5 ||    16
Dodge: Dodged            |    20 |    30 ||    50
